 Dungeon Crawl Stone Soup version 0.29-a0-323-g050149af67 (webtiles) character file.

Game seed: 8228879971201326374

56 GigaChad the Skirmisher (level 3, 0/29 HPs)
             Began as a Demonspawn Chaos Knight on Apr 11, 2022.
             Was a Plaything of Xom.
             Slain by a hobgoblin
             ... wielding a +0 rapier
              (5 damage)
             ... on level 2 of the Dungeon.
             The game lasted 00:04:42 (1928 turns).

GigaChad the Skirmisher (Demonspawn Chaos Knight)   Turns: 1928, Time: 00:04:43

Health: 0/29       AC:  8    Str: 12    XL:     3   Next: 71%
Magic:  3/3        EV:  5    Int: 15    God:    Xom [.*....]
Gold:   40         SH:  0    Dex: 14    Spells: 2/2 levels left

rFire   . . .      SeeInvis .   a - +0 falchion (chaos)
rCold   + . .      Faith    .   (no shield)
rNeg    . . .      Spirit   .   i - +0 chain mail
rPois   .          Reflect  .   (no helmet)
rElec   .          Harm     .   (no cloak)
rCorr   .          Rampage  .   (no gloves)
Will    .....                   (no boots)
Stlth   ..........              (no amulet)
HPRegen 0.09/turn               e - ring of protection from cold
MPRegen 0.08/turn               (no ring)

@: no status effects
A: big brain 1
a: Renounce Religion


You were on level 2 of the Dungeon.
You worshipped Xom.
You were a plaything of Xom.
You visited 1 branch of the dungeon, and saw 2 of its levels.

You collected 40 gold pieces.

Inventory:

Hand Weapons
 a - a +0 falchion of chaos (weapon)
 s - a +0 rapier
Armour
 b - a +2 leather armour
 g - a +0 ring mail
 i - a +0 chain mail (worn)
Jewellery
 e - a ring of protection from cold (left hand)
Scrolls
 d - 2 scrolls of silence
 h - a scroll of fear {unknown}
 n - a scroll of teleportation
 o - a scroll of immolation {unknown}
 q - 2 scrolls of identify {unknown}
 r - a scroll of vulnerability {unknown}
 u - a scroll of summoning {unknown}
Potions
 f - a potion of magic {unknown}
 j - 3 potions of attraction {unknown}
 k - a potion of ambrosia {unknown}
 l - a potion of resistance {unknown}
 m - a potion of cancellation {unknown}
 p - a potion of heal wounds {unknown}
 t - a potion of degeneration {unknown}
 v - a potion of curing {unknown}
Miscellaneous
 c - a piece from Xom's chessboard (15/15) (quivered)


   Skills:
 + Level 3.4 Fighting
 + Level 3.4 Long Blades
 + Level 2.4 Armour
 + Level 1.1 Dodging
 + Level 0.3 Stealth


You had 2 spell levels left.
You didn't know any spells.
Your spell library was empty.

Dungeon Overview and Level Annotations

Branches:
Dungeon (2/15)

Altars:


Innate Abilities, Weirdness & Mutations

You have an unusually large brain. (Int +2)


Message History

The river rat bites you.
The hobgoblin hits you with a +0 rapier.
You closely miss the river rat.
The river rat is heavily wounded.
The bat hits you but does no damage.
The hobgoblin hits you with a +0 rapier.
The river rat bites you but does no damage.
The hobgoblin hits you with a +0 rapier.
The river rat bites you but does no damage.
You hit the river rat.
The river rat is poisoned.
The river rat is severely wounded.
You kill the river rat!
The bat hits you but does no damage. The hobgoblin barely misses you.
You closely miss the hobgoblin.
The hobgoblin hits you but does no damage. x2
The bat hits you but does no damage.
You miss the bat. The bat hits you but does no damage.
The hobgoblin hits you with a +0 rapier.
The hobgoblin hits you but does no damage.
The adder barely misses you.
You hit the hobgoblin but do no damage. The bat hits you but does no damage.
The hobgoblin completely misses you. The adder bites you but does no damage.
You barely miss the adder. The bat hits you but does no damage.
The hobgoblin barely misses you. The adder barely misses you.
The hobgoblin hits you but does no damage.
The adder bites you but does no damage.
You hit the hobgoblin. You burn the hobgoblin.
The hobgoblin is severely wounded.
Xom smirks.
You detect nothing.
The bat hits you but does no damage. The hobgoblin barely misses you.
The adder bites you.
The hobgoblin hits you with a +0 rapier.
* * * LOW HITPOINT WARNING * * *
The adder bites you but does no damage.
You closely miss the hobgoblin.
The hobgoblin is severely wounded.
The hobgoblin barely misses you. The bat hits you but does no damage.
The adder bites you but does no damage.
The hobgoblin hits you with a +0 rapier.
You die...

...........# #..#
...........# ##.#
...........# #.#
...........# #.#
...........# #.#
...........# #.#
...........#### #.#
......Sgb.....####.#
######.@.....†.....#
#........######
#........#
#........#
#........#
#........#
#........#
#........#
#........#


You could see an adder, a hobgoblin (fast) and a bat.

Vanquished Creatures
  An adder (D:2)
  A river rat (D:2)
  A worm (D:2)
  A dart slug (D:2)
  4 ball pythons
  2 bats
  3 endoplasms
  5 giant cockroaches
  3 goblins (D:2)
  2 hobgoblins (D:1)
  A kobold (D:2)
  2 quokkas (D:1)
  3 frilled lizards
  A rat (D:1)
30 creatures vanquished.

Notes
Turn   | Place    | Note
-------+----------+-------------------------------------------
     0 | D:1      | GigaChad the Demonspawn Chaos Knight began the quest for
                  | the Orb.
     0 | D:1      | Reached XP level 1. HP: 18/18 MP: 1/1
   102 | D:1      | Reached skill level 1 in Dodging
   178 | D:1      | XOM: silly message
   470 | D:1      | XOM: silly message
   471 | D:1      | Gained mutation: You have an unusually large brain. (Int
                  | +2) [demonic ancestry]
   471 | D:1      | Reached XP level 2. HP: 21/24 MP: 2/2
   603 | D:1      | XOM: 3-stop teleportation journey
   765 | D:1      | XOM: confuse monster(s)
   863 | D:2      | XOM: potion effect (invisibility)
   910 | D:2      | Reached XP level 3. HP: 10/29 MP: 3/3
  1269 | D:2      | XOM: divination: magic mapping
  1298 | D:2      | XOM: silly message
  1378 | D:2      | XOM: silly message
  1604 | D:2      | XOM: divination: detect items
  1926 | D:2      | XOM: divination: detect items
  1928 | D:2      | Slain by a hobgoblin

Illustrated notes

Levels and vault maps discovered:
D:1:      ebering_trefoil_twist, layout_basic, chequers_ecumenical_altar_grove,
          minmay_three_crescents
D:2:      layout_basic, grunt_ministairs_1, nicolae_elevator_lobby_asterisk

Skill      XL: |  1  2 |
---------------+-------+-----
Dodging        | 1 |  1.1
Long Blades    | 3 |  3.4
Armour         | 2 |  2.4
Fighting       | |  3.4
Stealth        | |  0.3

Action                   || total
-------------------------++-------
Melee: Falchion          ||   102
       Punch             ||     3
  Use: Scroll            ||     2
 Stab: Invisible         ||     1
Armor: Chain mail        ||   110
       Ring mail         ||     1
Dodge: Dodged            ||    47

Table legend: (Time is in decaauts)
 A = Elapsed time spent in this place.
 B = Non-inter-level travel time spent in this place.
 C = Inter-level travel time spent in this place.
 D = Time resting spent in this place.
 E = Time spent auto-exploring this place.
 F = Levels seen in this place.
 G = Mean time per level.
                   A        B        C        D        E       F      G
               +--------+--------+--------+--------+--------+-----+--------+
         Total |   1942 |   1938 |      4 |    310 |    499 |   2 |  971.0 |
       Dungeon |   1942 |   1938 |      4 |    310 |    499 |   2 |  971.0 |
               +--------+--------+--------+--------+--------+-----+--------+

Top non-repeatable levels by time:
     D:2: 1136 daAuts
     D:1: 806 daAuts
